[Event "Titled Tuesday Blitz May 2 Early 2023"]
[White "Cramling Bellon, Anna"]
[Black "Liu, Xiangyi"]
[WhiteFideId "32009232"]
[BlackFideId "8605718"]
[WhiteElo "1972"]
[BlackElo "2323"]
[Result "0-1"]
[Round "06"]
[TimeControl "180+2"]
[Date "2023.05.02"]
[WhiteClock "0:00:03"]
[BlackClock "0:00:55"]

1. d4 Nf6 2. c4 g6 3. Nc3 d5 4. cxd5 Nxd5 5. e4 Nxc3 6. bxc3 Bg7 7. Qa4+ Qd7 8. Qb3 O-O 9. Nf3 c5 10. Be3 Qg4 11. Bc4 Qxg2 12. Ke2 Bg4 13. Qxb7 Qxf3+ 14. Kd2 Nd7 15. Rae1 Rab8 16. Qd5 Nb6 17. Qxc5 Rfc8 18. Be2 Qxe4 19. Qg5 Nc4+ 20. Bxc4 Rb2+ 21. Kc1 Qc2# 0-1


[Site "https://www.chess.com"]

[Event "Titled Tuesday Blitz May 2 Early 2023"]
[White "Jiganchine, Roman"]
[Black "Begunov, Konstantin"]
[WhiteFideId "2603667"]
[BlackFideId "4118510"]
[WhiteElo "2205"]
[BlackElo "2087"]
[Result "1-0"]
[Round "06"]
[TimeControl "180+2"]
[Date "2023.05.02"]
[WhiteClock "0:02:12"]
[BlackClock "0:00:25"]

1. e4 c5 2. Nf3 d6 3. Bb5+ Bd7 4. Bxd7+ Qxd7 5. Nc3 Nf6 6. d4 cxd4 7. Nxd4 Nc6 8. O-O e6 9. Kh1 Be7 10. f4 O-O 11. Be3 a6 12. a4 Qc7 13. Qf3 Nxd4 14. Bxd4 e5 15. fxe5 dxe5 16. Qg3 Nd7 17. Nd5 Qd6 18. Bc3 Nc5 19. Bxe5 Qe6 20. Qxg7# 1-0


[Site "https://www.chess.com"]

[Event "Titled Tuesday Blitz May 2 Early 2023"]
[White "Sanhueza, Cristian"]
[Black "Vivas Zamora, Fabian Ernesto"]
[WhiteFideId "116815"]
[BlackFideId "3902480"]
[WhiteElo "2219"]
[BlackElo "2262"]
[Result "1-0"]
[Round "06"]
[TimeControl "180+2"]
[Date "2023.05.02"]
[WhiteClock "0:01:01"]
[BlackClock "0:00:01"]

1. e4 c5 2. Nf3 d6 3. d4 cxd4 4. Nxd4 Nf6 5. Nc3 g6 6. Be3 Bg7 7. f3 O-O 8. Qd2 Nc6 9. O-O-O d5 10. Qe1 e5 11. Nxc6 bxc6 12. exd5 Nxd5 13. Bc4 Be6 14. Bc5 Re8 15. Ne4 Qc7 16. h4 h6 17. h5 g5 18. g4 Rad8 19. Bb3 a5 20. Qf2 Ra8 21. a4 Red8 22. Kb1 Rab8 23. Rd2 Rxb3 24. cxb3 Qb7 25. Bb6 Rb8 26. Ba7 Qxb3 27. Bxb8 Nb4 28. Nc3 e4 29. Rd8+ Kh7 30. Qd2 Bxc3 31. Qxc3 Qa2+ 32. Kc1 Nd3+ 33. Rxd3 exd3 34. Re1 Qa1+ 35. Kd2 Qxa4 36. Bd6 Qb5 37. Bf8 1-0


[Site "https://www.chess.com"]

[Event "Titled Tuesday Blitz May 2 Early 2023"]
[White "Kozelov, Roman"]
[Black "Nissinen, Niilo Man"]
[WhiteFideId "14133377"]
[BlackFideId "30950767"]
[WhiteElo "2149"]
[BlackElo "1952"]
[Result "1-0"]
[Round "06"]
[TimeControl "180+2"]
[Date "2023.05.02"]
[WhiteClock "0:01:45"]
[BlackClock "0:00:07"]

1. e4 c5 2. Nf3 Nc6 3. Bb5 Nf6 4. Nc3 Qc7 5. a4 g6 6. d3 Bg7 7. Be3 a6 8. Bc4 b6 9. Qd2 Bb7 10. Bh6 O-O 11. h4 Nh5 12. Bxg7 Kxg7 13. Nd5 Qd8 14. g4 Nf6 15. h5 Nxg4 16. hxg6 hxg6 17. Rh4 e6 18. Rxg4 exd5 19. Bxd5 Nd4 20. Nxd4 Bxd5 21. Nf5+ Kg8 22. Qc3 f6 23. Rxg6+ Kh7 24. Rg7+ Kh8 25. O-O-O 1-0


[Site "https://www.chess.com"]

[Event "Titled Tuesday Blitz May 2 Early 2023"]
[White "Wimalasuriya, Kasun M."]
[Black "Pasti, Aron"]
[WhiteFideId "9906789"]
[BlackFideId "785857"]
[WhiteElo "1781"]
[BlackElo "2173"]
[Result "1-0"]
[Round "06"]
[TimeControl "180+2"]
[Date "2023.05.02"]
[WhiteClock "0:00:59"]
[BlackClock "0:00:01"]

1. d4 d5 2. c4 e6 3. Nf3 Nf6 4. g3 dxc4 5. Bg2 c6 6. a4 a6 7. a5 Bb4+ 8. Bd2 Bxd2+ 9. Nbxd2 O-O 10. Nxc4 Nbd7 11. O-O b5 12. axb6 Nxb6 13. Na5 Bd7 14. Ne5 Nbd5 15. Nexc6 Qb6 16. Rc1 Qxb2 17. e4 Nc3 18. Qc2 Qxc2 19. Rxc2 Ncxe4 20. Ne7+ Kh8 21. Rc7 Bb5 22. Re1 Bd3 23. Re3 Bb1 24. Rb3 Rab8 25. Nb7 Ba2 26. Ra3 Bd5 27. Nxd5 exd5 28. Rxa6 Rfc8 29. Rxc8+ Rxc8 30. Ra1 h6 31. f3 Ng5 32. Nc5 Ne6 33. Bh3 Rc6 34. Bxe6 fxe6 35. Re1 Kg8 36. Rxe6 Rxe6 37. Nxe6 Kf7 38. Nf4 g5 39. Nd3 Nd7 40. Kf2 Nb6 41. Ne5+ Kf6 42. Ke3 Nc8 43. f4 gxf4+ 44. Kxf4 Nd6 45. g4 Nb5 46. Nc6 Ke6 47. h4 Kd6 48. Nd8 Nxd4 49. Nf7+ Ke7 50. Nxh6 Ne6+ 51. Ke5 d4 52. Nf5+ Kf7 53. Nxd4 Ng7 54. h5 1-0


[Site "https://www.chess.com"]

[Event "Titled Tuesday Blitz May 2 Early 2023"]
[White "Yonal, Timur"]
[Black "Koridze, Lile"]
[WhiteFideId "44115725"]
[BlackFideId "13612514"]
[WhiteElo "1966"]
[BlackElo "2047"]
[Result "0-1"]
[Round "06"]
[TimeControl "180+2"]
[Date "2023.05.02"]
[WhiteClock "0:00:01"]
[BlackClock "0:00:07"]

1. e4 c5 2. Nf3 d6 3. d4 cxd4 4. Nxd4 Nf6 5. Nc3 a6 6. Bg5 e6 7. f4 Nbd7 8. Qf3 Qc7 9. O-O-O Be7 10. g4 Rb8 11. Kb1 b5 12. Bd3 Bb7 13. h4 Nc5 14. Bxf6 Bxf6 15. Nce2 Nxd3 16. Rxd3 Qb6 17. g5 Be7 18. Rf1 g6 19. h5 Bf8 20. Rh1 Bg7 21. hxg6 hxg6 22. Rxh8+ Bxh8 23. Rd1 Qc5 24. Qh3 Kd7 25. f5 Bxd4 26. Nxd4 exf5 27. exf5 gxf5 28. Nxf5 Kc7 29. Qh7 Rf8 30. Qg7 d5 31. Qxf7+ Rxf7 0-1


[Site "https://www.chess.com"]

[Event "Titled Tuesday Blitz May 2 Early 2023"]
[White "Ciuffoletti, Paolo"]
[Black "Andrews, Todd"]
[WhiteFideId "807630"]
[BlackFideId "2012456"]
[WhiteElo "2143"]
[BlackElo "2217"]
[Result "0-1"]
[Round "06"]
[TimeControl "180+2"]
[Date "2023.05.02"]
[WhiteClock "0:00:05"]
[BlackClock "0:00:13"]

1. e4 e6 2. d4 d5 3. e5 c5 4. c3 Nc6 5. Nf3 Bd7 6. Be2 Qb6 7. a3 Rc8 8. b4 cxd4 9. cxd4 f6 10. O-O Nge7 11. Be3 Nf5 12. Bd3 Nxe3 13. fxe3 fxe5 14. b5 Nxd4 15. exd4 e4 16. Kh1 Be7 17. Bxe4 dxe4 18. Ne5 Qxb5 19. Nd2 Qd5 20. Qg4 Bf6 21. Rxf6 gxf6 22. Nxe4 Rf8 23. Rf1 Bb5 24. Qh5+ Kd8 25. Qh6 Bxf1 26. Qxf8+ Kc7 27. Qe7+ Kb8 28. Nd7+ Ka8 29. Nec5 Qxg2# 0-1


[Site "https://www.chess.com"]

[Event "Titled Tuesday Blitz May 2 Early 2023"]
[White "Panico, Nick"]
[Black "Osiecki, Stanislaw"]
[WhiteFideId "2026724"]
[BlackFideId "1102990"]
[WhiteElo "1982"]
[BlackElo "2088"]
[Result "1-0"]
[Round "06"]
[TimeControl "180+2"]
[Date "2023.05.02"]
[WhiteClock "0:01:29"]
[BlackClock "0:00:29"]

1. d4 Nf6 2. Bf4 g6 3. e3 d6 4. h3 Bg7 5. Nf3 O-O 6. Be2 Ne4 7. O-O Nd7 8. c4 b6 9. a4 a5 10. Na3 Bb7 11. Qc2 Ndf6 12. Rfd1 h6 13. Rac1 Qd7 14. Nb5 c6 15. Nc3 Nxc3 16. Qxc3 c5 17. Qb3 Bc6 18. Ra1 Rab8 19. d5 Bb7 20. Qc2 Ba6 21. Rac1 Nh5 22. Bh2 Bc8 23. Bd3 Qe8 24. b3 Kh7 25. Re1 Nf6 26. e4 Nd7 27. e5 Nxe5 28. Nxe5 dxe5 29. Bxe5 Bxe5 30. Rxe5 Qd8 31. Rce1 Rb7 32. f4 Qd6 33. f5 Rg8 34. fxg6+ fxg6 35. Qe2 Rg7 36. h4 Kg8 37. Qe3 Rh7 38. Qg3 Rg7 39. Qf4 h5 40. Rf1 Bg4 41. Qf8+ Kh7 42. Qf4 e6 43. Rxh5+ Kg8 44. Qxd6 1-0


[Site "https://www.chess.com"]

[Event "Titled Tuesday Blitz May 2 Early 2023"]
[White "Seder, Mohammed"]
[Black "Acikel, Mert"]
[WhiteFideId "11505567"]
[BlackFideId "12956465"]
[WhiteElo "1862"]
[BlackElo "2097"]
[Result "0-1"]
[Round "06"]
[TimeControl "180+2"]
[Date "2023.05.02"]
[WhiteClock "0:00:01"]
[BlackClock "0:00:14"]

1. d4 d5 2. c4 e6 3. Nc3 Nf6 4. cxd5 exd5 5. Bg5 Be7 6. e3 c6 7. Bd3 h6 8. Bh4 O-O 9. Qc2 Re8 10. Nge2 a5 11. a4 Na6 12. Na2 Be6 13. Nf4 Bd7 14. Ne2 Nc7 15. O-O Ne6 16. f4 Rc8 17. Nac3 Ng4 18. Bxe7 Qxe7 19. Rf3 Nf8 20. e4 dxe4 21. Nxe4 Nf6 22. N2c3 Ne6 23. Qf2 Ng4 24. Qg3 Nxd4 25. Rff1 f5 26. Nf2 Qe3 27. Bc4+ Kh8 28. Rae1 Qxg3 29. hxg3 Ne3 30. Nd3 Nxc4 31. Ne5 Nxe5 32. fxe5 Be6 33. Rf4 Nb3 34. Rd1 Rcd8 35. Kf2 Rxd1 36. Nxd1 Rd8 37. Ne3 Rd2+ 38. Ke1 Rxb2 39. Nxf5 Bxf5 40. Rxf5 Kg8 41. e6 Nd4 42. e7 Re2+ 43. Kd1 Rxe7 44. Rf4 Ne6 45. Re4 Kf7 46. Kc2 Nc5 47. Rc4 Re5 48. g4 Rg5 49. g3 Ke7 50. Kb1 Kd6 51. Rd4+ Kc7 52. Rf4 Ne6 53. Rf7+ Kb6 54. Ka2 Rxg4 55. Kb2 Rxg3 56. Ka2 Nc5 57. Rf2 h5 58. Kb1 h4 59. Rh2 h3 60. Kb2 g5 61. Ka2 Rg2+ 62. Ka3 Nxa4 63. Rxh3 Nc5 64. Rh6 g4 65. Rxc6+ Kb5 66. Rb6+ Kc4 0-1


[Site "https://www.chess.com"]

[Event "Titled Tuesday Blitz May 2 Early 2023"]
[White "Manon-og, Ramon Jr."]
[Black "Jaivardhan Raj"]
[WhiteFideId "5200776"]
[BlackFideId "25744437"]
[WhiteElo "1999"]
[BlackElo "1772"]
[Result "1-0"]
[Round "06"]
[TimeControl "180+2"]
[Date "2023.05.02"]
[WhiteClock "0:00:48"]
[BlackClock "0:00:17"]

1. e4 b6 2. d4 Bb7 3. Bd3 Nf6 4. Qe2 g6 5. f4 Bg7 6. Nf3 d6 7. O-O Nbd7 8. e5 dxe5 9. fxe5 Nd5 10. e6 fxe6 11. Qxe6 N5f6 12. Ng5 Bd5 13. Qh3 O-O 14. c4 Bb7 15. Ne6 Qe8 16. Nxc7 Qc8 17. Nxa8 Qxa8 18. Nc3 e5 19. d5 a6 20. Bg5 b5 21. b3 bxc4 22. bxc4 Nc5 23. Bc2 Bc8 24. Qe3 Ncd7 25. Ne4 Ng4 26. Rxf8+ Bxf8 27. Qf3 Nc5 28. Rf1 Bf5 29. h3 Nxe4 30. Bxe4 Bc5+ 31. Kh1 Bxe4 32. Qxe4 Nf2+ 33. Rxf2 Bxf2 34. Qxe5 Qf8 35. d6 Qb8 36. Qe6+ 1-0


[Site "https://www.chess.com"]

[Event "Titled Tuesday Blitz May 2 Early 2023"]
[White "Mogirzan, Matei-Valeriu"]
[Black "Hartikainen, Jarmo"]
[WhiteFideId "1257455"]
[BlackFideId "503134"]
[WhiteElo "1733"]
[BlackElo "2108"]
[Result "1-0"]
[Round "06"]
[TimeControl "180+2"]
[Date "2023.05.02"]
[WhiteClock "0:00:03"]
[BlackClock "0:00:02"]

1. e4 c5 2. Nf3 Nc6 3. Bb5 e6 4. Nc3 Nge7 5. O-O a6 6. Bxc6 Nxc6 7. d4 cxd4 8. Nxd4 d6 9. Be3 Be7 10. f4 O-O 11. Kh1 Bd7 12. f5 b5 13. Qg4 Ne5 14. Qg3 Kh8 15. Nf3 Nc4 16. Bg5 exf5 17. Nd5 f6 18. Bf4 fxe4 19. Nd4 Ne5 20. Qe1 Rc8 21. Qxe4 Rc5 22. b4 Rc4 23. Ne3 Bc6 24. Nxc6 Rxe4 25. Nxd8 Rxd8 26. Nf5 Bf8 27. c3 Rc4 28. Nd4 Rxc3 29. Rad1 Rdc8 30. Ne6 h6 31. Bxe5 dxe5 32. h3 Rc2 33. Kh2 Kh7 34. Rd7 Bxb4 35. Rxf6 Kh8 36. Rxg7 1-0


[Site "https://www.chess.com"]

[Event "Titled Tuesday Blitz May 2 Early 2023"]
[White "Winkels, Marcel"]
[Black "Ansh M Shah"]
[WhiteFideId "1003887"]
[BlackFideId "25033379"]
[WhiteElo "1900"]
[BlackElo "2084"]
[Result "0-1"]
[Round "06"]
[TimeControl "180+2"]
[Date "2023.05.02"]
[WhiteClock "0:00:03"]
[BlackClock "0:00:07"]

1. d4 Nf6 2. Nc3 d5 3. Bf4 e6 4. Nb5 Na6 5. e3 c6 6. Nc3 Bd6 7. Bxa6 bxa6 8. Bxd6 Qxd6 9. Na4 Nd7 10. c3 c5 11. Nf3 O-O 12. O-O Bb7 13. Qe2 c4 14. b4 cxb3 15. axb3 Rfc8 16. Rfc1 Rab8 17. b4 a5 18. Nc5 axb4 19. cxb4 Bc6 20. Qd2 Nxc5 21. bxc5 Qc7 22. Ne5 Bb5 23. Qa5 a6 24. g3 Qxa5 25. Rxa5 Be2 26. Nd7 Rb7 27. Ne5 f6 28. Ra2 Bb5 29. Nf3 Bc4 30. Raa1 Rb2 31. Rab1 Rcb8 32. Rxb2 Rxb2 33. Kg2 Kf7 34. h4 h5 35. Ne1 Ke7 36. Rc3 Kd7 37. Nd3 Rb3 38. Rxb3 Bxb3 39. Nf4 a5 40. Kf1 a4 41. Ne2 a3 42. Nc3 a2 43. Nxa2 Bxa2 44. Ke2 Kc6 45. f3 Bc4+ 46. Kf2 Kb5 47. g4 g6 48. gxh5 gxh5 49. Kg3 Be2 50. Kf4 Kc6 51. e4 dxe4 52. fxe4 Bg4 53. Ke3 e5 0-1


[Site "https://www.chess.com"]

[Event "Titled Tuesday Blitz May 2 Early 2023"]
[White "Necula, Iulian"]
[Black "Kopacz, Grzegorz"]
[WhiteFideId "1232380"]
[BlackFideId "1109880"]
[WhiteElo "1790"]
[BlackElo "2037"]
[Result "1/2-1/2"]
[Round "06"]
[TimeControl "180+2"]
[Date "2023.05.02"]
[WhiteClock "0:00:16"]
[BlackClock "0:00:21"]

1. d4 Nf6 2. Nc3 d5 3. Bf4 e6 4. Nb5 Na6 5. e3 c6 6. Nc3 Bd6 7. Nf3 O-O 8. Ne5 Nc7 9. g4 c5 10. Qf3 cxd4 11. exd4 Nd7 12. Bd3 Bxe5 13. dxe5 Re8 14. Qh3 Nf8 15. O-O-O b5 16. Nxb5 Nxb5 17. Bxb5 Bd7 18. Bd3 Qb6 19. Be3 Qa5 20. a3 Bb5 21. Bd2 Qa6 22. Bb4 Bxd3 23. Qxd3 Qxd3 24. Rxd3 Ng6 25. Bc3 Rec8 26. Rf1 Rc4 27. b3 Rxg4 28. h3 Rg2 29. f4 h5 30. f5 exf5 31. Rxf5 h4 32. Rxd5 Rg3 33. Rd3 Rc8 34. Kb2 Re8 35. b4 Kh7 36. a4 Kh6 37. b5 Rb8 38. Bd4 Rb7 39. Rff3 Rxf3 40. Rxf3 Kg5 41. Kb3 Nf4 42. c4 Ne2 43. Bb2 Ng1 44. Rd3 Ne2 45. c5 Nf4 46. Rf3 Ne6 47. c6 Rc7 48. Rd3 Kf4 49. Rd7 Kg3 50. Rxc7 Nxc7 51. Kc4 Kxh3 52. Kc5 Ne6+ 53. Kd6 Kg2 54. Ke7 h3 55. Kxf7 Nc7 56. e6 h2 57. Be5 h1=Q 58. Bxc7 Qf1+ 59. Ke8 Qa1 60. e7 Qxa4 61. Kd7 Qd4+ 62. Bd6 Qg4+ 63. Kd8 Qa4 64. e8=Q Qxb5 65. Qe4+ Kg1 66. Qg4+ Kf1 67. Qf3+ Kg1 68. Qg3+ Kf1 69. Qh3+ Ke1 70. Qg3+ Kf1 71. Qf3+ Kg1 72. Qe3+ Kf1 73. Qf4+ Kg1 74. Qg4+ Kf1 75. Qf3+ 1/2-1/2


[Site "https://www.chess.com"]

[Event "Titled Tuesday Blitz May 2 Early 2023"]
[White "Castillo Pena, Patricia Evarista"]
[Black "Zaichenko, Daria"]
[WhiteFideId "6412106"]
[BlackFideId "4197453"]
[WhiteElo "1919"]
[BlackElo "2039"]
[Result "0-1"]
[Round "06"]
[TimeControl "180+2"]
[Date "2023.05.02"]
[WhiteClock "0:00:08"]
[BlackClock "0:00:52"]

1. d4 d5 2. Nf3 Bf5 3. c4 e6 4. Qb3 b6 5. Bf4 Nf6 6. Nc3 c6 7. e3 Nbd7 8. cxd5 exd5 9. Be2 Be7 10. O-O O-O 11. Rac1 h6 12. Ne5 Nxe5 13. Bxe5 Nd7 14. Bg3 Bh4 15. Bf3 Rc8 16. Rfd1 Bxg3 17. hxg3 Nf6 18. Qa4 Qe7 19. a3 Ne4 20. Bxe4 Bxe4 21. Nxe4 dxe4 22. Rxc6 Qd7 23. Rdc1 a6 24. Qc2 Rce8 25. Rxb6 Qg4 26. Rxa6 Rc8 27. Rc6 Rb8 28. b4 h5 29. Qc5 h4 30. gxh4 Qxh4 31. Qe5 Ra8 32. R6c3 Ra6 33. b5 Rh6 34. Kf1 Qh1+ 35. Ke2 Qxg2 36. Qf4 Rf6 37. Qg3 Qxg3 38. fxg3 Rf3 39. b6 Kh7 40. b7 Rb8 41. Rc7 Rxg3 42. Rh1+ Kg6 43. Rb1 Rg2+ 44. Kd1 Rh8 45. b8=Q Rh1# 0-1


[Site "https://www.chess.com"]

[Event "Titled Tuesday Blitz May 2 Early 2023"]
[White "Sanchez, Robert"]
[Black "Adithya A Chullikkad"]
[WhiteFideId "2034360"]
[BlackFideId "45078734"]
[WhiteElo "1966"]
[BlackElo "1984"]
[Result "0-1"]
[Round "06"]
[TimeControl "180+2"]
[Date "2023.05.02"]
[WhiteClock "0:00:45"]
[BlackClock "0:00:11"]

1. Nf3 Nf6 2. c4 d5 3. b3 dxc4 4. bxc4 c5 5. Bb2 Nc6 6. e3 b6 7. Be2 Bb7 8. O-O e6 9. d4 Be7 10. Nc3 O-O 11. Qd2 Qd7 12. Rfd1 Rfd8 13. Qc1 Qe8 14. a3 Rac8 15. Qc2 cxd4 16. exd4 Na5 17. Ne5 Ba6 18. Na4 Nd7 19. Nxd7 Qxd7 20. Bd3 h6 21. c5 Bxd3 22. Rxd3 bxc5 23. Qd2 c4 24. Rg3 Bd6 25. Qxa5 Bxg3 26. hxg3 Rb8 27. Nc5 Qd5 28. Bc3 Rdc8 29. Qxa7 e5 30. Rd1 exd4 31. Rxd4 Qxc5 32. Rd8+ 0-1


[Site "https://www.chess.com"]

[Event "Titled Tuesday Blitz May 2 Early 2023"]
[White "Smith, Shreyas"]
[Black "Smietanska, Wiktoria"]
[WhiteFideId "7400713"]
[BlackFideId "21869359"]
[WhiteElo "2151"]
[BlackElo "1995"]
[Result "1-0"]
[Round "06"]
[TimeControl "180+2"]
[Date "2023.05.02"]
[WhiteClock "0:00:03"]
[BlackClock "0:00:02"]

1. e4 c5 2. Nf3 d6 3. Bb5+ Nd7 4. a4 a6 5. Be2 Ngf6 6. Nc3 g6 7. O-O Bg7 8. a5 O-O 9. d3 e6 10. d4 cxd4 11. Nxd4 Nc5 12. Bf3 Qc7 13. Re1 Rd8 14. Bg5 h6 15. Bh4 g5 16. Bg3 Qe7 17. h4 gxh4 18. Bxh4 Kh7 19. b4 Ncd7 20. Bh5 Nf8 21. f4 e5 22. Nd5 Qe8 23. Bxf6 exd4 24. Bxd8 Qxd8 25. Bxf7 d3 26. cxd3 Bxa1 27. Qxa1 Nd7 28. Be6 Nf8 29. Nf6+ Kg6 30. f5+ Kg5 31. Nd5 Nxe6 32. fxe6 Bxe6 33. Qg7+ Kh4 34. Nf4 Qg5 35. Nxe6 Qxg7 36. Nxg7 Rg8 37. Nf5+ Kg5 38. Nxd6 Rd8 39. e5 Kg6 40. d4 Kg7 41. d5 Kf8 42. Rc1 Ke7 43. Rc7+ Kf8 44. Rxb7 h5 45. Rf7+ Kg8 46. Rf6 Kg7 47. Re6 Kf8 48. Kf2 Kg7 49. Kg3 Rd7 50. Kh4 Rc7 51. Kxh5 Kf8 52. Kg5 Rg7+ 53. Kf6 Rh7 54. Re8# 1-0


[Site "https://www.chess.com"]

[Event "Titled Tuesday Blitz May 2 Early 2023"]
[White "Schut, Han"]
[Black "Sailer, Mike"]
[WhiteFideId "1005561"]
[BlackFideId "2012901"]
[WhiteElo "2024"]
[BlackElo "2109"]
[Result "0-1"]
[Round "06"]
[TimeControl "180+2"]
[Date "2023.05.02"]
[WhiteClock "0:00:01"]
[BlackClock "0:00:01"]

1. e4 d5 2. exd5 Qxd5 3. Nc3 Qd6 4. d4 Nf6 5. Nge2 c6 6. Bf4 Qd8 7. Ng3 g6 8. Qd2 Bg7 9. O-O-O Be6 10. Kb1 Nbd7 11. h4 h5 12. f3 Nb6 13. Nce4 Nbd5 14. Bg5 Nh7 15. Nc5 Nxg5 16. hxg5 Bc8 17. Bc4 b6 18. Nce4 Be6 19. Bb3 Qc7 20. c4 Nf4 21. d5 Bf5 22. Nxf5 gxf5 23. d6 exd6 24. Nxd6+ Kf8 25. Qxf4 Rd8 26. c5 bxc5 27. Qc4 Rd7 28. Rhe1 Bd4 29. Rxd4 cxd4 30. Re8+ Kg7 31. Nxf5+ Kg6 32. Rxh8 Kxf5 33. Bc2+ Kxg5 34. Qd3 Qe5 35. Rg8+ Kf6 36. a3 c5 37. g4 hxg4 38. fxg4 Qe1+ 39. Ka2 Ke7 40. Qc4 Qe6 0-1


[Site "https://www.chess.com"]

[Event "Titled Tuesday Blitz May 2 Early 2023"]
[White "Larina, Maria"]
[Black "Ladan, Nicholas"]
[WhiteFideId "24113182"]
[BlackFideId "30918855"]
[WhiteElo "1848"]
[BlackElo "2167"]
[Result "1-0"]
[Round "06"]
[TimeControl "180+2"]
[Date "2023.05.02"]
[WhiteClock "0:00:28"]
[BlackClock "0:00:08"]

1. e4 e5 2. Nf3 Nc6 3. Nc3 Nf6 4. Bb5 Nd4 5. Nxd4 exd4 6. e5 dxc3 7. exf6 Qxf6 8. dxc3 Bc5 9. O-O O-O 10. Qh5 Re8 11. Qxc5 c6 12. Bd3 d6 13. Qh5 g6 14. Qg5 Qg7 15. Bf4 f6 16. Qg3 d5 17. Rfe1 Bd7 18. c4 g5 19. Bd2 d4 20. c5 Qf8 21. Bc4+ Kg7 22. b4 a5 23. c3 axb4 24. cxd4 Bf5 25. h4 h6 26. hxg5 hxg5 27. Rxe8 Qxe8 28. Re1 Qh5 29. Re7+ Kf8 30. Rxb7 Qd1+ 31. Bf1 Rd8 32. Be3 Bd3 33. Qc7 Qxf1+ 34. Kh2 Be4 35. Qf7# 1-0


[Site "https://www.chess.com"]

[Event "Titled Tuesday Blitz May 2 Early 2023"]
[White "Thiel, Thomas"]
[Black "Elissalt Cardenas, Hector"]
[WhiteFideId "4615964"]
[BlackFideId "3500632"]
[WhiteElo "2234"]
[BlackElo "2202"]
[Result "1-0"]
[Round "06"]
[TimeControl "180+2"]
[Date "2023.05.02"]
[WhiteClock "0:01:39"]
[BlackClock "0:00:01"]

1. e4 d6 2. d4 Nf6 3. Nc3 e5 4. Nf3 Nbd7 5. g4 g6 6. g5 Nh5 7. dxe5 dxe5 8. Bc4 Bb4 9. Bd2 c6 10. Qe2 Qe7 11. O-O-O O-O 12. h4 a5 13. Kb1 b5 14. Bd3 a4 15. a3 Bc5 16. Na2 Nb6 17. Nh2 Be6 18. Ng4 1-0


[Site "https://www.chess.com"]

[Event "Titled Tuesday Blitz May 2 Early 2023"]
[White "Kuchava, Ana"]
[Black "Harriott, Tyrell"]
[WhiteFideId "13605348"]
[BlackFideId "2086484"]
[WhiteElo "2001"]
[BlackElo "2107"]
[Result "0-1"]
[Round "06"]
[TimeControl "180+2"]
[Date "2023.05.02"]
[WhiteClock "0:00:05"]
[BlackClock "0:00:22"]

1. d4 e6 2. Nf3 d5 3. c4 c6 4. e3 Bd6 5. Bd3 f5 6. Nc3 Nf6 7. O-O O-O 8. Ne5 Ne4 9. f4 g5 10. Nxe4 fxe4 11. Be2 gxf4 12. exf4 Nd7 13. c5 Bc7 14. Be3 Qe7 15. Qe1 Kh8 16. Qg3 Rg8 17. Qh3 Nf6 18. Bh5 Nxh5 19. Qxh5 Rg7 20. f5 exf5 21. Bh6 Bxe5 22. dxe5 Rg8 23. Rf4 Be6 24. h4 Qxc5+ 25. Kh1 Qe7 26. Bg5 Qf7 27. Bf6+ Rg7 28. Qh6 Re8 29. Raf1 Kg8 30. Bxg7 Qxg7 31. Qxg7+ Kxg7 32. g4 fxg4 33. Rf6 e3 34. Kg2 d4 35. Rd1 c5 36. b4 b6 37. bxc5 bxc5 38. Rc1 Bd5+ 39. Kg3 Rxe5 40. Rxc5 Kxf6 0-1


[Site "https://www.chess.com"]

[Event "Titled Tuesday Blitz May 2 Early 2023"]
[White "Barria Santos, Jose Guilherme"]
[Black "Flis, Pawel"]
[WhiteFideId "1939300"]
[BlackFideId "1112864"]
[WhiteElo "2266"]
[BlackElo "1822"]
[Result "0-1"]
[Round "06"]
[TimeControl "180+2"]
[Date "2023.05.02"]
[WhiteClock "0:00:09"]
[BlackClock "0:00:07"]

1. d4 c5 2. d5 Nf6 3. c4 b5 4. cxb5 a6 5. bxa6 Bxa6 6. Nc3 g6 7. Nf3 Bg7 8. Bf4 d6 9. Nd2 Qb6 10. Qc2 Nbd7 11. e4 Bxf1 12. Nxf1 Rb8 13. Rb1 O-O 14. Nd2 Ng4 15. O-O Nge5 16. Bg3 Qa6 17. f4 Qd3 18. Qxd3 Nxd3 19. Nc4 Nxb2 20. Nxb2 Bxc3 21. Nc4 Bd4+ 22. Kh1 Rb4 23. Nd2 Bc3 24. Rxb4 cxb4 25. Nb3 Ra8 26. Rf2 Nc5 27. Nxc5 dxc5 28. h3 Kf8 29. e5 Ke8 30. d6 exd6 31. exd6 Kd7 32. f5 g5 33. Re2 Re8 34. Rc2 Re3 35. Bf2 Re5 36. Bg3 Rxf5 37. Re2 Bf6 38. Rc2 Bd4 39. Bh2 Rf1+ 0-1


[Site "https://www.chess.com"]

[Event "Titled Tuesday Blitz May 2 Early 2023"]
[White "Duda, Jan-Krzysztof"]
[Black "Fedoseev, Vladimir"]
[WhiteFideId "1170546"]
[BlackFideId "24130737"]
[WhiteElo "2790"]
[BlackElo "2752"]
[Result "1-0"]
[Round "07"]
[TimeControl "180+2"]
[Date "2023.05.03"]
[WhiteClock "0:00:00"]
[BlackClock "0:00:00"]

1. d4 d5 2. c4 c6 3. Nf3 Nf6 4. Nc3 e6 5. Bg5 h6 6. Bxf6 Qxf6 7. e3 Nd7 8. Be2 Qd8 9. O-O Be7 10. Qc2 O-O 11. a3 a6 12. b4 b6 13. Rab1 Bb7 14. c5 b5 15. e4 Qc7 16. Bd3 Rfd8 17. e5 f6 18. Rbe1 fxe5 19. dxe5 Bc8 20. Qe2 Rf8 21. Nd4 Nxc5 22. Bb1 Nb7 23. Qc2 Rf4 24. Qh7+ Kf8 25. Bg6 1-0


[Site "https://www.chess.com"]

[Event "Titled Tuesday Blitz May 2 Early 2023"]
[White "Ter-Sahakyan, Samvel"]
[Black "Nakamura, Hikaru"]
[WhiteFideId "13302531"]
[BlackFideId "2016192"]
[WhiteElo "2566"]
[BlackElo "2885"]
[Result "1/2-1/2"]
[Round "07"]
[TimeControl "180+2"]
[Date "2023.05.03"]
[WhiteClock "0:00:00"]
[BlackClock "0:00:00"]

1. d4 Nf6 2. Nf3 d5 3. c4 e6 4. Nc3 dxc4 5. e4 b5 6. e5 Nd5 7. Nxb5 Nb6 8. Be2 Bb7 9. Be3 Nc6 10. a3 Qd7 11. Nc3 Ne7 12. Qc2 Nf5 13. O-O Be7 14. Rad1 Rb8 15. Ne4 Qa4 16. Qb1 O-O 17. Bg5 Bxe4 18. Qxe4 h6 19. g4 hxg5 20. gxf5 exf5 21. Qxf5 Nd5 22. Nxg5 g6 23. Qe4 Rxb2 24. Qxd5 Rxe2 25. Nh3 Rb2 26. Nf4 Rb6 27. Qe4 c3 28. e6 Kg7 29. Kh1 c2 30. Rc1 Qc6 31. d5 Qd6 32. Rg1 Rb1 33. Rxg6+ fxg6 34. Qxg6+ Kh8 35. Qh6+ Kg8 36. Qg6+ Kh8 37. Qh5+ Kg8 38. Qg6+ Kh8 1/2-1/2


[Site "https://www.chess.com"]

[Event "Titled Tuesday Blitz May 2 Early 2023"]
[White "Firouzja, Alireza"]
[Black "Gupta, Abhijeet"]
[WhiteFideId "12573981"]
[BlackFideId "5010608"]
[WhiteElo "2904"]
[BlackElo "2528"]
[Result "0-1"]
[Round "07"]
[TimeControl "180+2"]
[Date "2023.05.03"]
[WhiteClock "0:00:00"]
[BlackClock "0:00:00"]

1. d4 Nf6 2. Bg5 Ne4 3. Bf4 d5 4. f3 Nf6 5. Nc3 c5 6. e4 e6 7. Nb5 Na6 8. e5 Nd7 9. c3 Nab8 10. Bd3 Nc6 11. Ne2 Qb6 12. Nd6+ Bxd6 13. exd6 cxd4 14. cxd4 Nxd4 15. Nxd4 Qxd4 16. Qd2 e5 17. Be3 Qh4+ 18. Bf2 Qf6 19. Qb4 O-O 20. Bh4 Qh6 21. Be7 Qe3+ 22. Be2 Re8 23. Qd2 Qxd2+ 24. Kxd2 Nb6 25. Bb5 Bd7 26. a4 Rac8 27. Rhc1 f6 28. a5 Bxb5 29. axb6 axb6 30. Rc7 Rxc7 31. dxc7 Bd7 32. Bd8 Kf7 33. Ra7 Bc8 34. Ra8 Bd7 35. Rb8 d4 36. Rxb7 Ke6 37. Rxb6+ Kd5 38. Rb8 Kc6 39. b4 f5 40. b5+ Kd5 41. b6 e4 42. b7 e3+ 43. Ke1 d3 44. c8=Q d2+ 45. Ke2 Bb5+ 46. Kd1 Ba4+ 47. Qc2 Bxc2+ 48. Kxc2 e2 0-1


[Site "https://www.chess.com"]